 Dungeon Crawl Stone Soup version 0.28-a0-850-g09de17f5b5 (webtiles) character file.

Game seed: 5772684159160561331

122365 1994 the Bludgeoner (level 16, 0/185 HPs)
             Began as an Ogre Berserker on Nov 14, 2021.
             Was the Champion of Trog.
             Slain by a two-headed ogre (20 damage)
             ... while paralysed by an ogre mage
             ... on level 15 of the Dungeon.
             The game lasted 01:22:11 (35168 turns).

1994 the Bludgeoner (Ogre Berserker)               Turns: 35168, Time: 01:22:11

Health: 0/185      AC: 12    Str: 30    XL:     16   Next: 87%
Magic:  16/16      EV:  1    Int:  8    God:    Trog [******]
Gold:   2593       SH:  0    Dex:  8    Spells: 15/15 levels left

rFire   . . .      SeeInvis .   b - +4 broad axe (vamp)
rCold   . . .      Faith    .   (no shield)
rNeg    . . .      Spirit   .   L - +0 acid dragon scales
rPois   +          Reflect  +   (helmet restricted)
rElec   .          Harm     .   g - +2 cloak {rPois}
rCorr   +          Rampage  .   (gloves unavailable)
Will    +....                   (boots unavailable)
Stlth   +.........              D - amulet of reflection
HPRegen 0.40/turn               k - +4 ring of evasion
MPRegen 0.15/turn               G - +4 ring of slaying

@: paralysed, studying 2 skills
A: large, unfitting armour, tough skin 1
a: Renounce Religion, Berserk, Trog's Hand, Brothers in Arms


You were on level 15 of the Dungeon.
You worshipped Trog.
Trog was exalted by your worship.
You visited 4 branches of the dungeon, and saw 24 of its levels.
You also visited: Bailey and Gauntlet.

You collected 3320 gold pieces.
You spent 727 gold pieces at shops.

Inventory:

Hand Weapons
 a - a +7 giant spiked club of flaming
 b - a +4 vampiric broad axe (weapon)
 j - a +2 antimagic battleaxe
 y - a +4 vorpal giant spiked club
 T - a +3 war axe of venom
Missiles
 x - 47 poisoned darts (quivered)
 A - 5 throwing nets
 B - 7 boomerangs
 J - 4 silver boomerangs
 N - 17 large rocks
 O - 9 atropa-tipped darts
 S - 5 curare-tipped darts
 X - 14 javelins
Armour
 g - a +2 cloak of poison resistance (worn)
 L - +0 acid dragon scales (worn)
 Q - +0 fire dragon scales
Jewellery
 c - the ring of the Past {Fly rElec rN+ MP-9 Dex+5}
   (You found it in a Gauntlet)

   [ring of flight]

   Dex:       It affects your dexterity (+5).
   rElec:     It insulates you from electricity.
   rN:        It protects you from negative energy.
   MP:        It affects your magic capacity (-9).
   Fly:       It grants you flight.
 k - a +4 ring of evasion (left hand)
 l - a ring of willpower
 n - an amulet of the acrobat
 q - a ring of protection from fire
 C - a ring of see invisible
 D - an amulet of reflection (around neck)
 G - a +4 ring of slaying (right hand)
Wands
 m - a wand of charming (22)
 s - a wand of flame (38)
 v - a wand of iceblast (14)
 P - a wand of polymorph (41)
 W - a wand of digging (9)
Scrolls
 d - 9 scrolls of teleportation
 e - 5 scrolls of magic mapping
 i - 3 scrolls of blinking
 u - a scroll of holy word
 w - 2 scrolls of fog
 E - 2 scrolls of fear
 F - 4 scrolls of immolation
 R - 3 scrolls of silence
Potions
 f - a potion of ambrosia
 h - 8 potions of curing
 p - a potion of cancellation
 t - 2 potions of lignification
 z - 4 potions of heal wounds
 H - 3 potions of might
 I - 8 potions of flight
 K - a potion of haste
 M - 4 potions of magic
 Y - 3 potions of attraction
 Z - a potion of invisibility {unknown}
Miscellaneous
 o - a phantom mirror
 r - a phial of floods
 U - a box of beasts
 V - a condenser vane


   Skills:
 + Level 17.8 Fighting
 * Level 18.5 Maces & Flails
 + Level 13.7 Throwing
 - Level 6.4 Armour
 - Level 7.2 Dodging


You had 15 spell levels left.
You didn't know any spells.
Your spell library was empty.

Dungeon Overview and Level Annotations

Branches:
Dungeon (15/15)            Temple (1/1) D:4            Lair (6/6) D:9
 Shoals (0/4) Lair:2        Snake (0/4) Lair:2        Slime (0/5) Lair:6
    Orc (2/2) D:12            Elf (0/3) Orc:2        Vaults (0/5) D:14
 Bailey (visited)         Gauntlet (visited)
 Depths: D:15

Altars:
Ashenzari
Cheibriados
Nemelex Xobeh
Sif Muna
Uskayaw
Wu Jian
Beogh
Lugonu

Shops:
D:6 *!:(   D:9 *   D:10 *   Orc:1 [   Orc:2 ([::[(

Portals:
Abyss: Lair:6


Innate Abilities, Weirdness & Mutations

You are too large for most types of armour.
You have tough skin. (AC +1)


Message History

The ogre mage flickers and vanishes!
Deactivating autopickup; reactivate with Ctrl-A.
The ogre moves out of view.
A two-headed ogre comes into view.
It is wielding a +0 giant club and a +0 giant spiked club.
Unknown command.
Your +7 giant spiked club of flaming stops flaming.
You feel a sense of dread.
b - a +4 vampiric broad axe (weapon)
The two-headed ogre shouts in stereo!
Unknown command.
Unknown command.
The two-headed ogre barely misses you. You block the two-headed ogre's attack.
Unknown command.
Unknown command.
You dice the two-headed ogre like an onion!!!
You feel better.
The two-headed ogre is severely wounded.
The two-headed ogre hits you with a +0 giant spiked club!!
The two-headed ogre hits you with a +0 giant club!
You hit the two-headed ogre.
You feel better.
The two-headed ogre is severely wounded.
Unknown command.
You hear some strange, mumbled words.
You suddenly lose the ability to move!
The two-headed ogre hits you with a +0 giant spiked club!
The two-headed ogre hits you with a +0 giant club.
You hear some strange, mumbled words.
The two-headed ogre seems to speed up.
The two-headed ogre hits you with a +0 giant club!!
The two-headed ogre hits you with a +0 giant spiked club! x2
The two-headed ogre hits you with a +0 giant club!
You hear some strange, mumbled words.
A bolt of magma appears from out of thin air!
The bolt of magma hits you!!
* * * LOW HITPOINT WARNING * * *
The ogre completely misses you.
The two-headed ogre hits you with a +0 giant club!
* * * LOW HITPOINT WARNING * * *
The two-headed ogre hits you with a +0 giant spiked club!!
You die...

..... ..... ..... #####
###### ### #######
.....# #.####......#
.....# ####...OOO......
###).####.......@{O.....
#..##......###.O......
#.(......### ###8...8#
#.......## ##.###
..........# .#
#####..#### # ##.# ###


You could see 3 two-headed ogres and 2 ogres.

Vanquished Creatures
  An orc warlord (Orc:2)
  The ghost of Gargoyl the Fighter, a journeyman GnAK of Lugonu (Lair:5)
  An entropy weaver (shapeshifter) (D:10)
  A minotaur (Gauntlet)
  A fire dragon (D:10)
  A rakshasa (D:14)
  3 boulder beetles
  8 vault guards (D:14)
  11 hydras
  3 two-headed ogres
  A catoblepas (D:13)
  4 centaur warriors
  The ghost of Zero the Severer, a novice MiBe of Trog (D:9)
  Erica (D:10)
  2 death knights
  14 death yaks
  2 tengu warriors
  An orc high priest (Orc:2)
  Urug (D:13)
  4 thrashing horrors (Lair:6)
  Sonja (Lair:1)
  5 skeletal warriors
  An orc knight (D:10)
  An obsidian statue (Gauntlet)
  A necromancer (Gauntlet)
  2 deep elf pyromancers
  An orc sorcerer (Orc:2)
  3 ugly things
  4 cyclopes
  3 oklob plants (Lair:6)
  3 manticores
  A moth of wrath (D:9)
  3 elephants (Lair:6)
  6 black mambas
  Joseph (D:9)
  Maggie (Lair:1)
  13 cane toads
  2 smoke demons (Lair:6)
  A gargoyle (D:9)
  5 komodo dragons
  A rime drake (Lair:6)
  2 tengu conjurers
  2 ancient zymes (Lair:6)
  4 trolls
  3 meliai (D:14)
  2 polar bears
  A slime creature (shapeshifter) (D:10)
  A large abomination (Lair:6)
  A snapping turtle (Lair:2)
  17 slime creatures
  23 blink frogs
  6 dream sheep (Lair:6)
  A spriggan (Lair:6)
  Sigmund (D:3)
  2 vampires
  2 shadows (D:12)
  10 wyverns
  3 ynoxinuls (Lair:6)
  48 yaks
  16 basilisks
  4 wraiths
  Grum (D:8)
  A steam dragon (D:7)
  2 chaos spawn (Lair:6)
  9 vampire mosquitoes
  Menkaure (D:7)
  Duvessa (D:7)
  7 small abominations (Lair:6)
  3 acid dragons
  A warg (Orc:2)
  19 water moccasins
  A swamp drake (D:9)
  37 orc warriors
  2 necrophages (D:6)
  An ice beast (D:6)
  4 ogres
  2 black bears
  6 centaurs
  51 wolves
  4 phantoms
  3 kobold brigands (D:10)
  15 bullfrogs
  2 scorpions (D:5)
  Dowan (D:7)
  9 gnoll sergeants
  A wyvern skeleton (D:4)
  A troll zombie (D:12)
  15 killer bees
  4 howler monkeys
  6 wights
  4 electric eels
  A bullfrog zombie (D:5)
  4 centaur zombies
  3 hounds
  26 orc priests
  The ghost of Fenrisus the Ducker, a weakling FeFi (D:3)
  7 gnoll shamans
  2 jellies
  A bullfrog skeleton (D:6)
  Crazy Yiuf (D:7)
  Jessica (D:3)
  A scorpion zombie (D:5)
  Natasha (thrice) (D:2)
  33 orc wizards
  6 hell rats (Lair:2)
  2 killer bee zombies
  5 ogre zombies (D:12)
  A hound skeleton (D:4)
  Robin (D:3)
  A howler monkey zombie (D:5)
  25 gnolls
  A howler monkey skeleton (D:6)
  3 river rats (D:7)
  6 adders
  3 white imps
  2 ufetubi
  4 worms
  A dart slug (D:12)
  83 orcs
  7 ball pythons
  5 endoplasms
  2 giant cockroaches (D:3)
  11 goblins
  12 hobgoblins
  3 jackals (D:3)
  5 quokkas
  8 bats
  3 frilled lizards
  7 goblin zombies (D:12)
  A hobgoblin skeleton (D:12)
  2 hobgoblin zombies (D:12)
  15 kobolds
  2 orc skeletons (D:12)
  7 orc zombies (D:12)
  8 rats
  A fungus (Lair:6)
811 creatures vanquished.

Vanquished Creatures (others)
  The ghost of fly the Cleaver, an adept GnCA of Ignis (Lair:5)
  The ghost of Ycoiwk the Tainter, a journeyman OpVM of Sif Muna (Lair:5)
  An orc priest (Orc:2)
  3 demonic plants (Gauntlet)
  32 fungi
  91 plants
129 creatures vanquished.

Grand Total: 940 creatures vanquished

Notes
Turn   | Place    | Note
-------+----------+-------------------------------------------
     0 | D:1      | 1994 the Ogre Berserker began the quest for the Orb.
     0 | D:1      | Reached XP level 1. HP: 24/24 MP: 1/1
   202 | D:1      | Reached XP level 2. HP: 26/32 MP: 2/2
   402 | D:1      | Reached skill level 3 in Maces & Flails
   667 | D:1      | Reached XP level 3. HP: 37/39 MP: 3/3
   768 | D:1      | Reached skill level 1 in Throwing
   773 | D:1      | Reached ** piety under Trog
  1605 | D:2      | Reached XP level 4. HP: 49/49 MP: 4/4
  1656 | D:2      | Noticed Natasha
  1674 | D:2      | Killed Natasha
  2104 | D:2      | Noticed Natasha
  2117 | D:2      | Killed Natasha
  2336 | D:2      | Noticed Natasha
  2341 | D:2      | Killed Natasha
  2342 | D:2      | Reached XP level 5. HP: 55/55 MP: 5/5
  2455 | D:3      | Noticed Sigmund
  2459 | D:3      | Reached skill level 4 in Maces & Flails
  2469 | D:3      | Killed Sigmund
  2470 | D:3      | Reached skill level 5 in Fighting
  2470 | D:3      | Reached XP level 6. HP: 66/66 MP: 6/6
  2546 | D:3      | Found a runed translucent door.
  2550 | D:3      | Noticed Fenrisus's ghost (weakling FeFi)
  2893 | D:3      | Found a faded altar of an unknown god.
  3102 | D:3      | Noticed Robin
  3119 | D:3      | Killed Robin
  3120 | D:3      | Reached skill level 5 in Maces & Flails
  3132 | D:3      | Reached *** piety under Trog
  3220 | D:3      | Found a runed translucent door.
  3279 | D:3      | Noticed Jessica
  3291 | D:3      | Killed Jessica
  3467 | D:3      | Reached XP level 7. HP: 57/71 MP: 7/7
  4265 | D:4      | Found an ornate altar of the Wu Jian Council.
  4270 | D:4      | Noticed a spectral centipede
  4270 | D:4      | Noticed a spectral black mamba
  4270 | D:4      | Noticed a spectral cane toad
  4444 | D:4      | Found a staircase to the Ecumenical Temple.
  4465 | Temple   | Entered the Ecumenical Temple
  4759 | D:5      | Entered Level 5 of the Dungeon
  5010 | D:4      | Reached skill level 6 in Maces & Flails
  5301 | D:5      | Reached XP level 8. HP: 51/84 MP: 8/8
  6473 | D:6      | Found Iwyfuog's General Store.
  6504 | D:6      | Bought a scroll of fear for 45 gold pieces
  6559 | D:6      | Reached skill level 7 in Maces & Flails
  6777 | D:6      | Reached skill level 5 in Throwing
  7388 | D:6      | Reached XP level 9. HP: 90/96 MP: 9/9
  7400 | D:6      | Found Muha's Weapon Boutique.
  7676 | D:6      | Found Tillaat's Book Shoppe.
  7796 | D:6      | Found Nodaginwos's Distillery.
  7805 | D:6      | Bought 2 potions of degeneration for 26 gold pieces
  7806 | D:6      | Bought a potion of curing for 39 gold pieces
  7806 | D:6      | Bought a potion of lignification for 39 gold pieces
  7806 | D:6      | Bought a potion of might for 52 gold pieces
  7826 | D:6      | Reached skill level 8 in Maces & Flails
  7831 | D:6      | Bought a potion of flight for 39 gold pieces
  8190 | D:7      | Noticed Duvessa
  8190 | D:7      | Noticed Dowan
  8214 | D:7      | Killed Duvessa
  8340 | D:7      | Killed Dowan
  8414 | D:7      | Reached **** piety under Trog
  8626 | D:7      | Noticed Menkaure
  8636 | D:7      | Killed Menkaure
  9002 | D:7      | Reached skill level 1 in Armour
  9035 | D:7      | Found a broken altar of Ashenzari.
  9168 | D:7      | Found a runed translucent door.
  9172 | D:7      | Noticed Crazy Yiuf
  9182 | D:7      | Killed Crazy Yiuf
  9830 | D:8      | Noticed Grum
  9863 | D:8      | Killed Grum
  9880 | D:8      | Reached XP level 10. HP: 30/107 MP: 10/10
 10288 | D:8      | Reached skill level 9 in Maces & Flails
 10399 | D:8      | Noticed a centaur warrior
 10406 | D:8      | Killed a centaur warrior
 10581 | D:8      | Noticed a manticore
 10593 | D:8      | Killed a manticore
 10623 | D:8      | Noticed a red ugly thing
 10632 | D:8      | Killed a red ugly thing
 10633 | D:8      | Reached skill level 10 in Fighting
 10830 | D:8      | Noticed a cyclops
 10869 | D:8      | Killed a cyclops
 11165 | D:3      | Killed Fenrisus's ghost
 11371 | D:9      | Found Yqonu's Blasphemy Boutique.
 11390 | D:9      | Found a transporter.
 11398 | D:9      | Noticed Zero's ghost (novice MiBe)
 11411 | D:9      | Found a transporter.
 11412 | D:9      | Noticed a manticore
 11421 | D:9      | Noticed a moth of wrath
 11463 | D:9      | Noticed a gargoyle
 11482 | D:9      | Killed a gargoyle
 11483 | D:9      | Reached skill level 5 in Dodging
 11518 | D:9      | Found a flagged portal.
 11544 | Bailey   | Entered a bailey
 11840 | Bailey   | Reached skill level 10 in Maces & Flails
 12125 | Bailey   | Reached XP level 11. HP: 115/119 MP: 11/11
 12292 | Bailey   | Reached ***** piety under Trog
 13211 | D:9      | Found a transporter.
 13318 | D:9      | Found a transporter.
 13341 | D:9      | Noticed Joseph
 13356 | D:9      | Killed Joseph
 14134 | D:9      | Found a staircase to the Lair.
 14137 | D:9      | Identified 2 scrolls of acquirement
 14137 | D:9      | Acquired 773 gold pieces
 14139 | D:9      | Acquired a manual of Dodging
 14384 | D:9      | Killed a moth of wrath
 14385 | D:9      | Killed a manticore
 14393 | D:9      | HP: 5/120 [poisoned by a killer bee]
 14394 | D:9      | HP: 2/120 [Zero's ghost (13)]
 14794 | D:9      | Found a transporter.
 14813 | D:9      | Found a transporter.
 14903 | D:9      | Found a transporter.
 14965 | D:9      | Found Yqonu's Blasphemy Boutique.
 15015 | D:9      | Killed Zero's ghost
 15016 | D:9      | Reached skill level 11 in Maces & Flails
 15331 | D:10     | Entered Level 10 of the Dungeon
 15393 | D:10     | Noticed Erica
 15416 | D:10     | Killed Erica
 15634 | D:10     | Noticed a two-headed ogre
 15674 | D:10     | Killed a two-headed ogre
 15806 | D:10     | Noticed a fire dragon
 15846 | D:10     | Killed a fire dragon
 15847 | D:10     | Reached XP level 12. HP: 126/132 MP: 12/12
 15852 | D:10     | Noticed a seven-headed hydra
 15991 | D:10     | Killed a seven-headed hydra
 16073 | D:10     | Noticed an anaconda
 16076 | D:10     | an anaconda changed into a tyrant leech
 16089 | D:10     | Noticed a satyr
 16102 | D:10     | Noticed an entropy weaver
 16106 | D:10     | Killed an entropy weaver
 16107 | D:10     | Reached skill level 12 in Maces & Flails
 16156 | D:10     | Noticed a death knight
 16184 | D:10     | Killed a death knight
 16247 | D:10     | Noticed a two-headed ogre
 16773 | D:10     | Found Nuasim's Changing Room.
 16897 | D:10     | Identified the +10 shortbow "Hell-Harrower" {vorpal, rPois
                  | Str-4 Int+4}
 16897 | D:10     | Noticed a centaur warrior
 16904 | D:10     | Killed a centaur warrior
 17161 | D:10     | Identified the +6 short sword of Inym {spect, Fragile rC+
                  | Str+7}
 18065 | D:11     | You fall into a shaft and drop 2 floors!
 18158 | D:13     | Found a sparkling altar of Nemelex Xobeh.
 18308 | D:13     | Noticed a centaur warrior
 18315 | D:13     | Killed a centaur warrior
 18316 | D:13     | Received a gift from Trog
 18575 | D:13     | Noticed Urug
 18590 | D:13     | Killed Urug
 18591 | D:13     | Reached skill level 13 in Maces & Flails
 18792 | D:13     | Reached skill level 10 in Throwing
 19323 | D:13     | Reached XP level 13. HP: 94/144 MP: 13/13
 20479 | D:12     | Reached skill level 15 in Maces & Flails
 20479 | D:12     | Reached XP level 14. HP: 156/156 MP: 14/14
 21300 | D:12     | Found a staircase to the Orcish Mines.
 21635 | D:12     | Found a snail-covered altar of Cheibriados.
 22359 | Lair:1   | Entered Level 1 of the Lair of Beasts
 22583 | Lair:1   | Noticed Maggie
 22590 | Lair:1   | Killed Maggie
 23059 | Lair:1   | Noticed Sonja
 23063 | Lair:1   | Killed Sonja
 23661 | Lair:2   | Received a gift from Trog
 23899 | Lair:2   | Found a staircase to the Shoals.
 23905 | Lair:2   | Reached skill level 15 in Fighting
 23938 | Lair:2   | Found a staircase to the Snake Pit.
 24099 | Lair:2   | Reached skill level 16 in Maces & Flails
 24507 | Lair:3   | Reached XP level 15. HP: 162/167 MP: 15/15
 25049 | Lair:4   | Reached skill level 5 in Armour
 25184 | Lair:4   | Received a gift from Trog
 25240 | Lair:4   | Found a gate leading to a gauntlet.
 25273 | Gauntlet | Entered a Gauntlet
 25273 | Gauntlet | Found a transporter.
 25280 | Gauntlet | Found a runed translucent door.
 25282 | Gauntlet | Found a transporter.
 25284 | Gauntlet | Found a runed translucent door.
 25294 | Gauntlet | Found a transporter.
 25298 | Gauntlet | Found a transporter.
 25308 | Gauntlet | Found a transporter.
 25328 | Gauntlet | Found a transporter.
 25332 | Gauntlet | Found a transporter.
 25336 | Gauntlet | Found a transporter.
 25359 | Gauntlet | Found a large runed translucent door.
 25359 | Gauntlet | Found a large runed translucent door.
 25360 | Gauntlet | Found a large runed translucent door.
 25361 | Gauntlet | Found a large runed translucent door.
 25362 | Gauntlet | Found a runed translucent gate.
 25363 | Gauntlet | Found a transporter.
 25363 | Gauntlet | Found a runed translucent gate.
 25364 | Gauntlet | Found a runed translucent gate.
 25366 | Gauntlet | Found a large runed translucent door.
 25367 | Gauntlet | Found a large runed translucent door.
 25374 | Gauntlet | Found a large runed translucent door.
 25375 | Gauntlet | Found a large runed translucent door.
 25375 | Gauntlet | Found a large runed translucent door.
 25376 | Gauntlet | Found a large runed translucent door.
 25376 | Gauntlet | Found a large runed translucent door.
 25376 | Gauntlet | Found a runed translucent door.
 25376 | Gauntlet | Found a runed translucent door.
 25377 | Gauntlet | Found a large runed translucent door.
 25378 | Gauntlet | Found a large runed translucent door.
 25380 | Gauntlet | Found a transporter.
 25384 | Gauntlet | Found a transporter.
 25387 | Gauntlet | Found a large runed translucent door.
 25387 | Gauntlet | Found a large runed translucent door.
 25393 | Gauntlet | Found a transporter.
 25416 | Gauntlet | Found a large runed translucent door.
 25717 | Gauntlet | Identified the ring of Vokhliemu {Wiz Str-3 Int+3 Dex+4
                  | Slay+2}
 25722 | Gauntlet | Identified the ring of the Past {Fly rElec rN+ MP-9 Dex+5}
 26086 | Lair:4   | Identified the +0 leather armour of Lifelessness {rElec
                  | Will+ Dex-4}
 27081 | Lair:5   | Reached skill level 17 in Maces & Flails
 27488 | Lair:5   | Identified the +3 falchion of Winter {vorpal, rN+ Str+3
                  | Int+4}
 27493 | Lair:5   | Found a runed translucent gate.
 27494 | Lair:5   | Found a runed translucent gate.
 27495 | Lair:5   | Found a runed translucent gate.
 27893 | Lair:5   | Noticed Ycoiwk's ghost (journeyman OpVM)
 27893 | Lair:5   | Noticed Gargoyl's ghost (journeyman GnAK)
 27894 | Lair:5   | Noticed fly's ghost (adept GnCA)
 28016 | Lair:6   | Entered Level 6 of the Lair of Beasts
 28329 | Lair:6   | Found a staircase to the Slime Pits.
 28746 | Lair:6   | Reached XP level 16. HP: 174/180 MP: 16/16
 28784 | Lair:6   | Received a gift from Trog
 29852 | Lair:6   | Found a corrupted altar of Lugonu.
 29852 | Lair:6   | Found a one-way gate to the infinite horrors of the Abyss.
 29948 | Lair:6   | Reached ****** piety under Trog
 30321 | Lair:5   | Killed Ycoiwk's ghost
 30335 | Lair:5   | HP: 1/179 [Gargoyl's ghost (14)]
 30382 | Lair:5   | HP: 8/179 [fly's ghost] (9)]
 30383 | Lair:5   | HP: 3/179 [Gargoyl's ghost (5)]
 30860 | Lair:5   | Killed fly's ghost
 30865 | Lair:5   | Killed Gargoyl's ghost
 31226 | Orc:1    | Entered Level 1 of the Orcish Mines
 31329 | Orc:1    | Found Veefin's Armour Shop.
 31490 | Orc:2    | Entered Level 2 of the Orcish Mines
 31525 | Orc:2    | Received a gift from Trog
 31803 | Orc:2    | Found Hygeitz's Antique Weapon Emporium.
 31812 | Orc:2    | Bought a crystal hand axe for 240 gold pieces
 31812 | Orc:2    | Identified the +4 hand axe "Qedas" {vamp, rC+} (You bought
                  | it in a shop on level 2 of the Orcish Mines)
 32059 | Orc:2    | Found a staircase to the Elven Halls.
 32161 | Orc:2    | Found Vefuvabe's Book Shop.
 32250 | Orc:2    | Reached skill level 18 in Maces & Flails
 32256 | Orc:2    | Found Pewafipn's Antique Armour Shop.
 32347 | Orc:2    | Found Momp's Book Shop.
 32408 | Orc:2    | Found a shimmering blue altar of Sif Muna.
 32495 | Orc:2    | Received a gift from Trog
 32722 | Orc:2    | Found Lioceffodui's Antique Weapon Boutique.
 32724 | Orc:2    | Found Rasum Reo's Antique Armour Shop.
 32731 | Orc:2    | Bought a glowing cloak for 247 gold pieces
 33560 | D:14     | Found a gate to the Vaults.
 34752 | D:14     | Found a hide-covered altar of Uskayaw.
 35104 | D:15     | Entered Level 15 of the Dungeon
 35165 | D:15     | Paralysed by something for 6 turns
 35168 | D:15     | Slain by a two-headed ogre

Illustrated notes

Levels and vault maps discovered:
D:1:      minmay_arrival_checkered_box, layout_basic, kennysheep_doodads,
          minmay_octomino_j4
D:2:      layout_basic, uniq_natasha
D:3:      layout_basic, dreamdust_ecumenical_altar_grove, ebering_ghost_sewer_f,
          chequers_decorated_corner, uniq_robin, uniq_jessica, uniq_sigmund
D:4:      layout_loops_corners, pdpol_wu_jian_five_deadly_venoms,
          minmay_temple_entry_antechambers
D:5:      layout_basic, grunt_decor_resistance
D:6:      minmay_skewed_foursquare, layout_basic, serial_shops,
          nicolae_lakefront_shop, shop, shop, shop
D:7:      wad_woods_settlement, layout_basic, evilmike_ruin_ashenzari,
          uniq_crazy_yiuf_cottage, uniq_duvessa, uniq_menkaure
D:8:      minmay_slanted_spiral_squares, layout_basic, uniq_grum
D:9:      gammafunk_steamed_eel, layout_small_grid, erik_lair_dragon,
          enter_bailey_2, gammafunk_ghost_berserking_beasts,
          minmay_misc_feat_four_crosses, nicolae_evil_shop, uniq_joseph
D:10:     minmay_the_grid_triangle_9x9_recursive_2_mashed
          [minmay_the_grid_triangle_9x9_prize_center,
          minmay_the_grid_triangle_9x9_checkered,
          minmay_the_grid_triangle_9x9_minimal,
          minmay_the_grid_triangle_9x9_thin_v], layout_irregular_city,
          moated_statue, nicolae_transmutations_shop, uniq_erica
D:11:     layout_irregular_city, lemuel_old_faithful
D:12:     layout_small_grid, zombieorc1_lemuel, kennysheep_slug_shrine
D:13:     layout_loops_ring, serial_glass, glass_columns_a, glass_columns_c,
          hangedman_decor_slide_cut, nemelex_lonely_heart_becter, uniq_urug
D:14:     layout_roguey, erik_vaults_2, dancing_weapons_uskayaw
D:15:     hangedman_depths_entry_try_elsewhere_first, layout_long_grid,
          nicolae_tso_carved_into_rock, uniq_louise
Temple:   mainiacjoe_temple_cubbyholes
Lair:1:   layout_cave_shapes, uniq_maggie, uniq_sonja
Lair:2:   layout_long_grid, minmay_shoals_entry_hut, dummy_snake_entry
Lair:3:   layout_misc_corridors, small_statue_intersection
Lair:4:   layout_long_grid, gauntlet_entry_generic, grunt_forest_large_clearings
Lair:5:   layout_gridlike, gammafunk_ghost_cemetery, kennysheep_basilisk_garden
Lair:6:   hellmonk_lair_end_abyssal_woods, layout_small_grid,
          minmay_slime_entry_oklob_open, grunt_megastairs_1
Orc:1:    layout_caves, serial_shops, nicolae_shop_crystal
Orc:2:    grunt_orc_community_town_hall, layout_diamond_mine,
          grunt_orc_community_big_house_1, grunt_orc_community_big_house_2,
          grunt_orc_community_house_3, grunt_orc_community_house_1,
          grunt_orc_community_house_2, grunt_orc_community_house_1,
          grunt_orc_community_house_1, grunt_orc_community_house_2,
          serial_shops, nicolae_shop_trees, shop, kennysheep_orc_sif_temple

Skill      XL: |  1  2  3  4  5  6  7  8  9 10 11 12 13 14 15 16 |
---------------+-------------------------------------------------+-----
Maces & Flails | 3 4 5 6 7 8 10 11 13 15 16 17 18 | 18.5
Throwing       | 1 2 3 4 5 6 7 8 10 11 12 13 | 13.7
Dodging        | 3 4 5 7 |  7.2
Fighting       | 5 6 8 9 10 12 13 14 15 16 17 | 17.8
Armour         | 2 4 6 |  6.4

Action                   |  1- 3 |  4- 6 |  7- 9 | 10-12 | 13-15 | 16-18 || total
-------------------------+-------+-------+-------+-------+-------+-------++-------
Melee: Mace              |   123 |   137 |    18 |       |       |       ||   278
       Hand axe          |       |     4 |    67 |    15 |       |       ||    86
       Giant club        |       |       |   215 |   105 |       |       ||   320
       War axe           |       |       |    43 |   139 |    62 |     6 ||   250
       Giant spiked club |       |       |       |   160 |   300 |   163 ||   623
       Broad axe         |       |       |       |       |   302 |   317 ||   619
Throw: Dart              |       |       |    15 |     8 |       |       ||    23
       Boomerang         |       |       |     3 |    26 |       |     3 ||    32
       Large rock        |       |       |       |       |     4 |     4 ||     8
Invok: Berserk           |     2 |     5 |     8 |    15 |     7 |     1 ||    38
       Trog's Hand       |       |     1 |       |     3 |     2 |     1 ||     7
Evoke: Wand              |       |       |       |     3 |     1 |     2 ||     6
  Use: Scroll            |       |     2 |     6 |    12 |     4 |     3 ||    27
       Potion            |       |       |       |     2 |     1 |     2 ||     5
 Stab: Sleeping          |     1 |       |       |       |       |       ||     1
       Invisible         |       |       |       |       |       |     5 ||     5
Armor: Animal skin       |    35 |    35 |    78 |       |       |       ||   148
       Steam dragon scal |       |       |    26 |   120 |    42 |       ||   188
       Acid dragon scale |       |       |       |       |   171 |   118 ||   289
Dodge: Dodged            |    68 |    64 |   204 |   343 |   553 |   265 ||  1497
Block: Other             |       |       |    60 |   108 |   168 |   100 ||   436
       Reflection        |       |       |     2 |     7 |     1 |     1 ||    11

Table legend: (Time is in decaauts)
 A = Elapsed time spent in this place.
 B = Non-inter-level travel time spent in this place.
 C = Inter-level travel time spent in this place.
 D = Time resting spent in this place.
 E = Time spent auto-exploring this place.
 F = Levels seen in this place.
 G = Mean time per level.
                   A        B        C        D        E       F      G
               +--------+--------+--------+--------+--------+-----+--------+
         Total |  35623 |  33667 |   1956 |  12845 |  12921 |  26 | 1370.1 |
       Dungeon |  23464 |  21992 |   1472 |   8793 |   8344 |  15 | 1564.3 |
        Temple |     27 |     27 |      0 |      0 |      0 |   1 |   27.0 |
          Lair |   7978 |   7597 |    381 |   2361 |   3506 |   6 | 1329.7 |
  Orcish Mines |   1930 |   1828 |    102 |    374 |    926 |   2 |  965.0 |
        Bailey |   1495 |   1495 |      0 |    960 |     28 |   1 | 1495.0 |
      Gauntlet |    726 |    726 |      0 |    355 |    116 |   1 |  726.0 |
               +--------+--------+--------+--------+--------+-----+--------+

Top non-repeatable levels by time:
     D:9: 3159 daAuts
    D:13: 2696 daAuts
  Lair:6: 2257 daAuts
    D:11: 1814 daAuts
     D:5: 1791 daAuts
    D:10: 1764 daAuts
  Lair:4: 1659 daAuts
     D:8: 1600 daAuts
     D:4: 1575 daAuts
   Orc:2: 1501 daAuts
  Bailey: 1495 daAuts
     D:2: 1471 daAuts
     D:7: 1431 daAuts
    D:12: 1393 daAuts
     D:6: 1354 daAuts
